 Dungeon Crawl Stone Soup version 0.28-a0-851-g8b9cc49659 (webtiles) character file.

Game seed: 7846196409992302025

30911 Twinkles the Carver (level 13, -9/106 HPs)
             Began as a Vampire Berserker on Nov 14, 2021.
             Was an Elder of Trog.
             Killed from afar by an oklob plant (30 damage)
             ... with a splash of acid
             ... on level 6 of the Lair of Beasts.
             The game lasted 01:39:14 (20094 turns).

Twinkles the Carver (Vampire Berserker)            Turns: 20094, Time: 01:39:15

Health: -9/106     AC: 16    Str: 26    XL:     13   Next: 23%
Magic:  13/13      EV: 13    Int:  9    God:    Trog [****..]
Gold:   422        SH:  6    Dex: 17    Spells: 12/12 levels left

rFire   x . .      SeeInvis +   b - +4 dagger
rCold   + . .      Faith    .   d - +0 buckler
rNeg    . . .      Spirit   .   z - +0 chain mail
rPois   .          Reflect  .   (no helmet)
rElec   .          Harm     .   C - +1 cloak
rCorr   .          Rampage  .   j - +1 pair of gloves "Xoabent" {Dex+2}
Will    +....                   n - +0 pair of boots
Stlth   ++........              r - amulet of regeneration
HPRegen 1.47/turn               v - +6 ring of strength
MPRegen 0.13/turn               f - ring of ice

@: on berserk cooldown, healing quickly, slowed, very slow
A: alive, fangs 3, see invisible, vampiric 2
a: Exsanguinate, Renounce Religion, Berserk, Trog's Hand, Brothers in Arms


You were on level 6 of the Lair of Beasts.
You worshipped Trog.
Trog was greatly pleased with you.
You visited 2 branches of the dungeon, and saw 17 of its levels.
You also visited: Gauntlet and Volcano.

You collected 1001 gold pieces.
You spent 579 gold pieces at shops.

Inventory:

Hand Weapons
 a - a +0 scimitar of protection
 b - a +4 dagger (weapon)
 c - a +0 hunting sling
 u - a +0 dagger of draining
Missiles
 k - 84 sling bullets
 m - 3 curare-tipped darts
 o - 11 boomerangs
 s - 460 stones
 t - 65 poisoned darts (quivered)
Armour
 d - a +0 buckler (worn)
 j - the +1 pair of gloves "Xoabent" (worn) {Dex+2}
   (You bought it in a shop on level 6 of the Dungeon)

   Dex:       It affects your dexterity (+2).
 n - a +0 pair of boots (worn)
 z - a +0 chain mail (worn)
 B - a +2 pair of gloves
 C - a +1 cloak (worn)
 G - a +0 kite shield
 I - the +8 chain mail "Maeloxt" {*Corrode rElec rF+++}
   (You bought it in a shop on level 6 of the Dungeon)

   rF:        It renders you almost immune to fire.
   rElec:     It insulates you from electricity.
   *Corrode:  It may corrode you when you take damage.
Jewellery
 f - a ring of ice (right hand)
 g - a ring of flight
 r - an amulet of regeneration (around neck)
 v - a +6 ring of strength (left hand)
Wands
 e - a wand of charming (14)
 h - a wand of acid (18)
 i - a wand of iceblast (19)
 p - a wand of paralysis (8)
 y - a wand of mindburst (27)
Scrolls
 E - 4 scrolls of fear
 F - 2 scrolls of fog
 K - 3 scrolls of immolation
 O - 2 scrolls of brand weapon
 S - 3 scrolls of summoning
 X - a scroll of magic mapping
 Y - 3 scrolls of teleportation
 Z - 5 scrolls of identify
Potions
 A - 4 potions of attraction
 H - 2 potions of haste
 J - 6 potions of curing
 N - a potion of heal wounds
 P - 2 potions of lignification
 Q - 2 potions of magic
 R - a potion of resistance
Miscellaneous
 l - a condenser vane
 w - a phial of floods
 x - a phial of floods


   Skills:
 + Level 11.3 Fighting
 + Level 12.3 Long Blades
 - Level 6.7 Armour
 - Level 8.9 Dodging
 - Level 10.0 Stealth
 + Level 8.2 Shields


You had 12 spell levels left.
You didn't know any spells.
Your spell library was empty.

Dungeon Overview and Level Annotations

Branches:
Dungeon (11/15)            Temple (0/1) D:5            Lair (6/6) D:9
  Swamp (0/4) Lair:4        Snake (0/4) Lair:3          Orc (0/2) D:10
Volcano (visited)         Gauntlet (visited)
  Slime: Lair:5-6

Altars:
Ashenzari
Cheibriados
Dithmenos
Fedhas
Gozag
Kikubaaqudgha
Makhleb
Nemelex Xobeh
Okawaru
Sif Muna
Uskayaw
Vehumet
Wu Jian
Yredelemnul

Shops:
D:5 (   D:6 [[   D:9 *

Annotations:
D:2 Sigmund
D:4 3 runed translucent doors, croobank's ghost, weakling FeDe
D:5 exclusion: 2 orc priests
D:9 exclusion: two-headed ogre
D:11 Erolcha
Lair:2 3 runed translucent doors, exclusions: necromancer and 2 oklob plants, Mistam's ghost, journeyman TeCj
Lair:3 Snorg
Lair:6 exclusions: basilisk and oklob plant


Innate Abilities, Weirdness & Mutations

Your natural rate of healing is accelerated.
You have razor-sharp teeth.
You have supernaturally acute eyesight. (SInv)
You are afflicted with vampirism and can become a bat while bloodless.


Message History

The four-headed hydra is lightly wounded.
You block the four-headed hydra's attack.
The four-headed hydra barely misses you.
The four-headed hydra bites you.
The four-headed hydra closely misses you.
The death yak gores you!!
You puncture the four-headed hydra! You bite the four-headed hydra.
The four-headed hydra is moderately wounded.
You are no longer berserk.
You are exhausted.
You feel yourself slow down.
As you read the scroll of teleportation, it crumbles to dust.
You feel strangely unstable.
Your skin stops crawling.
You feel less strong-willed. The four-headed hydra bites you.
The four-headed hydra bites you but does no damage. x3
The death yak gores you. The four-headed hydra misses you.
The four-headed hydra closely misses you.
The four-headed hydra bites you but does no damage. x2
The death yak gores you!!
You block the four-headed hydra's attack. x2
The four-headed hydra bites you!
* * * LOW HITPOINT WARNING * * *
The four-headed hydra bites you.
* * * LOW HITPOINT WARNING * * *
Your surroundings suddenly seem different.
A yak and an oklob plant come into view.
Found a leather armour.
Found a stone staircase leading up.
Marking area around an oklob plant as unsafe for travelling.
The oklob plant spits acid at you. The splash of acid hits you!
* * * LOW HITPOINT WARNING * * *
The oklob plant spits acid at you. The splash of acid hits you!
* * * LOW HITPOINT WARNING * * *
Found 17 gold pieces.
There is a stone staircase leading up here.
The oklob plant spits acid at you. The splash of acid hits you!!
You die...

.. ... ..# P.....
Y. . ...#...##.. ..
.......#.. ...
.....##..# ...P
.......#.### ....#
...........##P...#.
..[.P......@......$
...........##......
.........##.# .....
.......#.# ## ..P.
YY..$..........


PPP .....(.(.....P.. .. ...(...(........ . .(Y..........P..P (.(....... You
could see an oklob plant.

Vanquished Creatures
  3 hydras
  A two-headed ogre (D:10)
  3 death yaks
  3 bog bodies (Lair:4)
  Pikel (D:4)
  A centaur zombie (D:10)
  3 elephants (Lair:5)
  3 black mambas
  7 cane toads
  A rime drake (Lair:4)
  An unseen horror (D:10)
  10 komodo dragons
  A polar bear (Lair:4)
  A hornet (D:8)
  Grinder (D:3)
  9 blink frogs
  4 dream sheep (Lair:6)
  4 wyverns
  A shadow (D:6)
  A fire bat (Volcano)
  37 yaks
  A wraith (D:8)
  3 basilisks
  A warg (D:10)
  3 nagas (Lair:3)
  2 swamp worms (Lair:4)
  12 water moccasins
  2 black bears
  8 orc warriors
  A sky beast (D:6)
  An ice beast (D:4)
  13 wolves
  3 centaurs
  5 ogres
  A phantom (D:5)
  3 kobold brigands
  12 bullfrogs
  A wyvern zombie (D:8)
  3 gnoll sergeants
  A scorpion (D:7)
  3 killer bees (D:7)
  9 wights
  2 howler monkeys (D:8)
  4 electric eels
  A hound (D:4)
  7 orc priests
  A centaur skeleton (D:4)
  A gnoll shaman (D:6)
  A bullfrog skeleton (D:6)
  5 jellies
  4 iguanas
  7 orc wizards
  A yak simulacrum (Lair:2)
  2 hound skeletons (D:5)
  A howler monkey zombie (D:9)
  14 gnolls
  7 adders
  2 shadow imps
  An ufetubus (D:5)
  The ghost of croobank the Sneak, a weakling DsDe (D:3)
  3 dart slugs
  25 orcs
  14 ball pythons
  2 bats (D:2)
  9 endoplasms
  3 giant cockroaches
  9 goblins
  9 hobgoblins
  10 jackals
  4 quokkas
  6 frilled lizards
  13 kobolds
  8 rats
361 creatures vanquished.

Vanquished Creatures (others)
  A kobold (D:9)
  32 fungi
  67 plants
  4 toadstools (D:3)
104 creatures vanquished.

Grand Total: 465 creatures vanquished

Notes
Turn   | Place    | Note
-------+----------+-------------------------------------------
     0 | D:1      | Twinkles the Vampire Berserker began the quest for the Orb.
     0 | D:1      | Reached XP level 1. HP: 17/17 MP: 1/1
   130 | D:1      | Reached skill level 1 in Stealth
   130 | D:1      | Reached XP level 2. HP: 22/23 MP: 2/2
   478 | D:1      | HP: 9/34 [kobold (3)]
   668 | D:1      | Reached ** piety under Trog
   895 | D:1      | Found a faded altar of an unknown god.
   975 | D:1      | Gained mutation: You are afflicted with vampirism and can
                  | become a bat while bloodless. [Vampire growth]
   975 | D:1      | Reached XP level 3. HP: 24/28 MP: 3/3
  1421 | D:2      | Found a basalt altar of Yredelemnul.
  1423 | D:2      | Noticed Sigmund
  1957 | D:2      | Reached XP level 4. HP: 27/35 MP: 4/4
  2497 | D:3      | Noticed Grinder
  2512 | D:3      | Killed Grinder
  2513 | D:3      | Reached skill level 4 in Long Blades
  2513 | D:3      | Reached XP level 5. HP: 23/42 MP: 5/5
  2513 | D:3      | Reached XP level 6. HP: 27/48 MP: 6/6
  2884 | D:3      | Found a runed translucent door.
  2885 | D:3      | Noticed croobank's ghost (weakling DsDe)
  2986 | D:3      | Killed croobank's ghost
  3041 | D:4      | Reached *** piety under Trog
  3046 | D:4      | Noticed Pikel
  3676 | D:4      | Killed Pikel
  3677 | D:4      | Reached skill level 5 in Stealth
  3677 | D:4      | Reached XP level 7. HP: 55/55 MP: 7/7
  3772 | D:4      | Reached skill level 5 in Long Blades
  3772 | D:4      | Reached skill level 5 in Dodging
  3773 | D:4      | Found a runed translucent gate.
  3773 | D:4      | Found a runed translucent gate.
  3773 | D:4      | Found a runed translucent gate.
  3775 | D:4      | Found an opulent altar of Gozag.
  3778 | D:4      | Noticed croobank's ghost (weakling FeDe)
  4046 | D:5      | Entered Level 5 of the Dungeon
  4051 | D:5      | Reached XP level 8. HP: 61/61 MP: 8/8
  4288 | D:5      | Found a shimmering blue altar of Sif Muna.
  4454 | D:5      | Found a staircase to the Ecumenical Temple.
  4522 | D:5      | Found Vukuji's Weapon Shop.
  4781 | D:5      | Found a shadowy altar of Dithmenos.
  4827 | D:5      | Reached skill level 5 in Fighting
  5299 | D:6      | Found Cioschil's Antique Armour Emporium.
  5302 | D:6      | Bought a pair of glimmering gloves for 266 gold pieces
  5302 | D:6      | Identified the +1 pair of gloves "Xoabent" {Dex+2} (You
                  | bought it in a shop on level 6 of the Dungeon)
  5615 | D:6      | Found Diganuz's Antique Armour Boutique.
  5722 | D:6      | Found Etuneis's Antique Weapon Shop.
  5933 | D:6      | Reached skill level 6 in Long Blades
  5990 | D:6      | Reached XP level 9. HP: 68/68 MP: 9/9
  7005 | D:7      | Reached skill level 5 in Armour
  8440 | D:8      | Found a blossoming altar of Fedhas.
  8441 | D:8      | Found an ancient bone altar of Kikubaaqudgha.
  8704 | D:8      | Reached skill level 7 in Long Blades
  8727 | D:8      | Reached skill level 10 in Stealth
  8727 | D:8      | Reached XP level 10. HP: 77/77 MP: 10/10
  9490 | D:9      | Found Pako's General Store.
  9670 | D:6      | Bought a dazzling chain mail for 313 gold pieces
  9670 | D:6      | Identified the +8 chain mail "Maeloxt" {*Corrode rElec
                  | rF+++} (You bought it in a shop on level 6 of the Dungeon)
  9815 | D:8      | Reached **** piety under Trog
  9992 | D:9      | Found a staircase to the Lair.
 10579 | D:9      | Found a hide-covered altar of Uskayaw.
 10595 | D:9      | Found a burning altar of Makhleb.
 10598 | D:9      | Found an iron altar of Okawaru.
 10599 | D:9      | Found a broken altar of Ashenzari.
 10599 | D:9      | Found a radiant altar of Vehumet.
 10599 | D:9      | Found a basalt altar of Yredelemnul.
 10600 | D:9      | Found a sparkling altar of Nemelex Xobeh.
 10602 | D:9      | Found an ornate altar of the Wu Jian Council.
 10633 | D:9      | Noticed a two-headed ogre
 10702 | D:10     | Entered Level 10 of the Dungeon
 10805 | D:10     | Noticed a two-headed ogre
 10813 | D:10     | Killed a two-headed ogre
 10814 | D:10     | Reached skill level 8 in Long Blades
 11334 | D:10     | Found a snail-covered altar of Cheibriados.
 11578 | D:10     | Found a staircase to the Orcish Mines.
 12383 | D:11     | Noticed Erolcha
 12427 | Lair:1   | Entered Level 1 of the Lair of Beasts
 12473 | Lair:1   | Found a dark tunnel.
 12484 | Lair:1   | Reached XP level 11. HP: 55/86 MP: 11/11
 12507 | Volcano  | Entered a volcano
 12527 | Volcano  | Reached skill level 1 in Shields
 12926 | Lair:1   | Found an opulent altar of Gozag.
 13431 | Lair:1   | Reached skill level 9 in Long Blades
 13752 | Lair:2   | Noticed an oklob plant
 13752 | Lair:2   | Noticed an oklob plant
 13884 | Lair:2   | Noticed a minotaur
 13885 | Lair:2   | Noticed a four-headed hydra
 13885 | Lair:2   | Noticed Mistam's ghost (journeyman TeCj)
 13891 | Lair:2   | Noticed a four-headed hydra
 13907 | Lair:2   | Found a runed translucent gate.
 13907 | Lair:2   | Found a runed translucent gate.
 13907 | Lair:2   | Found a runed translucent gate.
 13934 | Lair:2   | HP: 38/129 [poisoned by a black mamba]
 13939 | Lair:2   | HP: 33/130 [poisoned by a black mamba]
 14124 | Lair:2   | Noticed an eight-headed hydra
 14241 | Lair:2   | Noticed a seven-headed hydra
 14256 | Lair:2   | Killed a seven-headed hydra
 14551 | Lair:2   | Killed an eight-headed hydra
 14880 | Lair:2   | Reached skill level 10 in Long Blades
 15098 | Lair:2   | Noticed a necromancer
 15703 | Lair:2   | Reached skill level 5 in Shields
 15757 | Lair:3   | Reached XP level 12. HP: 81/96 MP: 12/12
 15952 | Lair:3   | Found a gate leading to a gauntlet.
 15974 | Gauntlet | Entered a Gauntlet
 15974 | Gauntlet | Found a transporter.
 15979 | Gauntlet | Found a transporter.
 15981 | Gauntlet | Found a transporter.
 15999 | Gauntlet | Found a transporter.
 16001 | Gauntlet | Found a transporter.
 16005 | Gauntlet | Found a runed translucent door.
 16005 | Gauntlet | Found a runed translucent door.
 16014 | Gauntlet | Found a transporter.
 16031 | Gauntlet | Found a transporter.
 16034 | Gauntlet | Noticed a cacodemon
 16038 | Gauntlet | Noticed a ghost crab
 16041 | Gauntlet | Found a transporter.
 16046 | Gauntlet | Found a transporter.
 16049 | Gauntlet | Found a transporter.
 16055 | Gauntlet | Found a transporter.
 16057 | Gauntlet | Noticed a catoblepas
 16059 | Gauntlet | Found a transporter.
 16100 | Gauntlet | Found a transporter.
 16120 | Gauntlet | Found a transporter.
 16498 | Lair:3   | Found a staircase to the Snake Pit.
 16560 | Lair:3   | Noticed Snorg
 17019 | Lair:4   | Reached skill level 10 in Fighting
 17173 | Lair:4   | Noticed a six-headed hydra
 17178 | Lair:4   | Noticed a death yak
 17238 | Lair:3   | Reached skill level 11 in Long Blades
 17842 | Lair:4   | Killed a six-headed hydra
 17887 | Lair:4   | Noticed a death yak
 17903 | Lair:4   | Killed a death yak
 17914 | Lair:4   | Killed a death yak
 18232 | Lair:4   | Found a staircase to the Swamp.
 19089 | Lair:5   | Reached XP level 13. HP: 106/106 MP: 13/13
 19453 | Lair:5   | Reached skill level 12 in Long Blades
 19809 | Lair:6   | Entered Level 6 of the Lair of Beasts
 20088 | Lair:6   | HP: 29/106 [four-headed hydra (8)]
 20094 | Lair:6   | Killed from afar by an oklob plant

Illustrated notes

Levels and vault maps discovered:
D:1:      dpeg_arrival_stonehenge_8_columns, layout_basic, serial_rivers,
          chequers_serial_rivers_micro_d, chequers_serial_rivers_micro_d,
          chequers_serial_rivers_room_a, chequers_serial_rivers_small_a,
          chequers_serial_rivers_marsh, shapermc_ecumenical_altar_ellora
D:2:      layout_basic, basic_altar, st_stairs_11, uniq_sigmund
D:3:      layout_rooms, ebering_ghost_reflecting_pool, minmay_gold_behind_fungi,
          uniq_grinder
D:4:      layout_basic, ebering_ghost_gozag, uniq_pikel
D:5:      layout_loops_corners, amcnicky_altar_gilded,
          nicolae_dithmenos_shadow_blocks, minmay_temple_entry_steel_oval,
          serial_shops, shop
D:6:      layout_gridville, serial_shops, nicolae_shop_behind_doors, shop, shop
D:7:      layout_gridville
D:8:      layout_layer_cave, grunt_temple_overflow_growth_and_decay
D:9:      layout_gridville, minitemple, lair_entry_dummy, serial_shops,
          nicolae_shop_window_shopping
D:10:     layout_layer_cave, lemuel_doored_altar, david_orc_1_choice
D:11:     layout_cave_pods, portal_ice_cave_rime, uniq_sonja, uniq_erolcha,
          uniq_urug
Lair:1:   layout_cave_pods, basic_altar, enter_volcano_2, serial_bayou_shore_a
Lair:2:   minmay_lair_oklob_chamber, layout_loops_ring,
          maelrawn_ghost_gauntlet_escape, eino_house_with_fridge
Lair:3:   layout_roguey, guppyfry_snake_entry_island, gauntlet_entry_generic,
          uniq_snorg
Lair:4:   layout_regular_city, nicolae_swamp_entry_splash_gauntlet,
          chequers_serial_rivers_small_b, beast_lair_carwin_8,
          grunt_megastairs_2, serial_bayou_shore_b
Lair:5:   statuecave_lemuel, layout_gridlike
Lair:6:   guppyfry_lair_end_dragon, layout_gridlike, slime_altar_1,
          dpeg_stationary_puzzle

Skill      XL: |  1  2  3  4  5  6  7  8  9 10 11 12 13 |
---------------+----------------------------------------+-----
Stealth        | 1 2 3 5 6 7 10 | 10.0
Fighting       | 3 4 5 6 7 9 11 | 11.3
Armour         | 2 3 4 5 6 |  6.7
Dodging        | 3 4 5 6 7 8 |  8.9
Long Blades    | 4 5 6 7 8 10 11 12 | 12.3
Shields        | 5 7 8 |  8.2

Action                   |  1- 3 |  4- 6 |  7- 9 | 10-12 | 13-15 || total
-------------------------+-------+-------+-------+-------+-------++-------
Melee: Falchion          |    95 |       |       |       |       ||    95
       Bite              |    14 |    13 |    70 |   148 |    31 ||   276
       Long sword        |    33 |    93 |   329 |    94 |       ||   549
       Whip              |       |       |     8 |       |       ||     8
       Dagger            |       |       |     3 |    16 |     3 ||    22
       Scimitar          |       |       |       |   740 |   123 ||   863
Throw: Dart              |       |       |    16 |    64 |    32 ||   112
       Boomerang         |       |       |     4 |    30 |       ||    34
Invok: Berserk           |     3 |     3 |     8 |    19 |     1 ||    34
       Trog's Hand       |       |     3 |    11 |    17 |     3 ||    34
Evoke: Wand              |       |       |     1 |    12 |       ||    13
  Use: Scroll            |       |       |    10 |    12 |     2 ||    24
 Stab: Sleeping          |     3 |     9 |     9 |     1 |       ||    22
       Distracted        |       |     1 |     1 |       |       ||     2
Armor: Animal skin       |    22 |     3 |       |       |       ||    25
       Leather armour    |       |     8 |     3 |       |       ||    11
       Ring mail         |       |       |    93 |    28 |       ||   121
       Chain mail        |       |       |       |   384 |    43 ||   427
Dodge: Dodged            |   102 |    50 |   227 |   500 |    43 ||   922
Block: Buckler           |       |       |    35 |   199 |    19 ||   253

Table legend: (Time is in decaauts)
 A = Elapsed time spent in this place.
 B = Non-inter-level travel time spent in this place.
 C = Inter-level travel time spent in this place.
 D = Time resting spent in this place.
 E = Time spent auto-exploring this place.
 F = Levels seen in this place.
 G = Mean time per level.
                   A        B        C        D        E       F      G
               +--------+--------+--------+--------+--------+-----+--------+
         Total |  20449 |  18711 |   1738 |   2925 |  11305 |  19 | 1076.3 |
       Dungeon |  12898 |  11807 |   1091 |   1494 |   7914 |  11 | 1172.5 |
          Lair |   7128 |   6481 |    647 |   1431 |   3390 |   6 | 1188.0 |
       Volcano |     77 |     77 |      0 |      0 |      0 |   1 |   77.0 |
      Gauntlet |    345 |    345 |      0 |      0 |      0 |   1 |  345.0 |
               +--------+--------+--------+--------+--------+-----+--------+

Top non-repeatable levels by time:
  Lair:2: 2021 daAuts
     D:7: 1763 daAuts
    D:10: 1730 daAuts
     D:8: 1705 daAuts
  Lair:5: 1449 daAuts
  Lair:1: 1329 daAuts
     D:2: 1230 daAuts
     D:9: 1203 daAuts
     D:1: 1192 daAuts
     D:5: 1165 daAuts
     D:6: 1113 daAuts
  Lair:4: 1112 daAuts
     D:4: 1081 daAuts
  Lair:3: 982 daAuts
     D:3: 710 daAuts
